 Dungeon Crawl Stone Soup version 0.18.1-8-gdd0e5ea (webtiles) character file.

200 santipi the Caller (level 5, 0/35 HPs)
             Began as a Merfolk Summoner on June 9, 2016.
             Was an Initiate of Vehumet.
             Slain by Sigmund
             ... wielding a +0 scythe
              (13 damage)
             ... on level 3 of the Dungeon.
             The game lasted 00:16:43 (1835 turns).

santipi the Caller (Merfolk Summoner)               Turns: 1835, Time: 00:16:44

Health: 0/35       AC:  6    Str:  9    XL:     5   Next: 78%
Magic:  4/10       EV: 13    Int: 15    God:    Vehumet [......]
Gold:   112        SH:  0    Dex: 13    Spells: 3 memorised, 3 levels left

rFire  . . .     SeeInvis .     o - +4 short sword
rCold  . . .     Gourm    .     a - +0 robe
rNeg   . . .     Faith    .     (no shield)
rPois  .         Spirit   .     (no helmet)
rElec  .         Dismiss  .     (no cloak)
rCorr  .         Reflect  .     (no gloves)
SustAt .         Harm     .     (no boots)
MR     .....                    (no amulet)
Stlth  ++........               (no ring)
                                (no ring)

@: not resistant to hostile enchantments, unstealthy
A: change form in water, swift swim, rough black scales 1, evolution 1
a: Renounce Religion


You were on level 3 of the Dungeon.
You worshipped Vehumet.
Vehumet was noncommittal.
You were not hungry.

You visited 1 branch of the dungeon, and saw 3 of its levels.

You collected 112 gold pieces.

Inventory:

Hand Weapons
 e - a +3 dagger
 o - a +4 short sword (weapon)
Armour
 a - a +0 robe (worn)
 k - a +0 robe
Jewellery
 m - an uncursed ring of protection from fire {unknown}
Wands
 l - a wand of flame (10/48)
 n - a wand of random effects (16/48)
Scrolls
 h - 2 scrolls of recharging
Potions
 f - a potion of heal wounds
 q - 2 potions of brilliance
Books
 b - a book of Callings

   Spells                             Type                      Level
   a - Summon Small Mammal            Summoning                    1
   b - Call Imp                       Summoning                    2
   c - Call Canine Familiar           Summoning                    3
   d - Summon Guardian Golem          Hexes/Summoning              3
   e - Summon Lightning Spire         Summoning/Air                4
   f - Summon Ice Beast               Ice/Summoning                4
Comestibles
 c - 2 bread rations
 d - 2 chunks of flesh
 g - 4 fruits
 i - a slice of pizza
 j - 2 meat rations


   Skills:
 + Level 3.9 Dodging
 + Level 3.0 Stealth
 + Level 3.7 Spellcasting
 + Level 5.0 Summonings


You had 3 spell levels left.
You knew the following spells:

 Your Spells              Type           Power        Failure   Level  Hunger
a - Summon Small Mammal   Summ           ###.         2%          1    None
b - Summon Guardian Gole  Hex/Summ       ##......     24%         3    ###....
c - Summon Ice Beast      Ice/Summ       ##......     78%         4    ####...


Dungeon Overview and Level Annotations

Branches:
Dungeon (3/15)

Altars:
Vehumet
Yredelemnul

Annotations:
D:3 Sigmund


Innate Abilities, Weirdness & Mutations

You revert to your normal form in water.
You are very nimble and swift while swimming.
You are partially covered in rough black scales (AC +4, Dex -1).
You evolve.


Message History

Evoke which item? (* to show all) (? for menu, Esc to quit)
Zapping:
n - a wand of random effects (will waste charges)
Press: ? - help, Shift-Dir - straight line Nothing appears to happen.
Evoking this partially-identified wand wasted a few charges.
That item cannot be evoked!
Evoke which item? (* to show all) (? for menu, Esc to quit)
Zapping:
n - a wand of random effects {zapped: 3} (will waste charges)
Press: ? - help, Shift-Dir - straight line, f - quokka
Aim: a quokka (friendly, summoned) Really fire at your quokka?
The bolt of fire hits your quokka.
You kill your quokka!
Your quokka's corpse disappears in a puff of smoke!
The bolt of fire hits your quokka.
You kill your quokka!
Your quokka's corpse disappears in a puff of smoke!
Evoking this partially-identified wand wasted a few charges.
Something hits you!
You die...

#. #...# ####
#.############...########
#...†........'...'.....>.
#........#####...####'###
#........#######.......##
#........#.....#.......#
#####.......§#.....#.....[.#
#..........r§#.....#.......##
#.###>.....r@{.....+.........
#################...#####
#...# ##...##### #.........
#......... #...†.....
#......... #.........


You could see 2 friendly quokkas.

Vanquished Creatures
  Ijyb (D:3)
  A worm (D:2)
  A giant gecko (D:1)
  2 bats
  4 giant cockroaches
  3 goblins (D:1)
  2 hobgoblins
  A quokka (D:3)
  A giant newt (D:3)
  A rat (D:3)
17 creatures vanquished.

Vanquished Creatures (collateral kills)
  Grinder (D:3)
  Jessica (D:2)
  An adder (D:2)
  A worm (D:2)
  A dart slug (D:3)
  A giant gecko (D:2)
  3 bats
  A giant cockroach (D:2)
  6 goblins
  4 hobgoblins
  5 kobolds
  4 giant newts
  5 rats
34 creatures vanquished.

Grand Total: 51 creatures vanquished

Notes
Turn   | Place    | Note
--------------------------------------------------------------
     0 | D:1      | santipi the Merfolk Summoner began the quest for the Orb.
     0 | D:1      | Reached XP level 1. HP: 13/13 MP: 3/3
   182 | D:1      | Reached XP level 2. HP: 17/19 MP: 0/5
   625 | D:1      | Gained mutation: You evolve. [potion of mutation]
   625 | D:1      | Gained mutation: You are robust (+10% HP). [potion of mutation]
   628 | D:1      | Gained mutation: You are partially covered in rough black scales (AC +4, Dex -1). [potion of beneficial mutation]
   698 | D:2      | Found a radiant altar of Vehumet.
   735 | D:2      | Became a worshipper of Vehumet
   749 | D:2      | Noticed Jessica
   758 | D:2      | Killed Jessica
   758 | D:2      | Reached XP level 3. HP: 26/26 MP: 0/6
   763 | D:2      | Learned a level 3 spell: Summon Guardian Golem
  1301 | D:2      | Lost mutation: You are robust (+10% HP). [evolution]
  1533 | D:3      | Found a basalt altar of Yredelemnul.
  1533 | D:3      | Noticed Ijyb
  1548 | D:3      | Killed Ijyb
  1548 | D:3      | Reached XP level 4. HP: 30/30 MP: 1/8
  1690 | D:3      | Noticed Grinder
  1710 | D:3      | Killed Grinder
  1710 | D:3      | Reached skill level 5 in Summonings
  1710 | D:3      | Reached XP level 5. HP: 34/35 MP: 3/10
  1761 | D:3      | Learned a level 4 spell: Summon Ice Beast
  1803 | D:3      | Noticed Sigmund
  1835 | D:3      | Slain by Sigmund

Skill      XL: |  1  2  3  4 |
---------------+-------------+-----
Dodging        | 3 |  3.9
Spellcasting   | 3 |  3.7
Stealth        | 3 |  3.0
Summonings     | 5 |  5.0

Action                   |  1- 3 |  4- 6 || total
-------------------------+-------+-------++-------
Melee: Dagger            |    30 |       ||    30
       Short sword       |    23 |    16 ||    39
 Cast: Summon Small Mamm |    64 |    21 ||    85
       Summon Guardian G |     2 |     1 ||     3
Evoke: Wand              |       |     3 ||     3
  Use: Potion            |     5 |     2 ||     7
       Scroll            |     6 |     1 ||     7
 Stab: Sleeping          |     2 |     2 ||     4
       Distracted        |     2 |       ||     2
  Eat: Chunk             |     2 |       ||     2
       Meat ration       |     1 |       ||     1
Armor: Robe              |    17 |     2 ||    19
Dodge: Dodged            |    58 |    11 ||    69
